SAAA
BALTIMORE BLACK SOX @ ROYSE CITY TARGARYENS
07/18/2032
 
TOP OF THE 1ST
Baltimore Black Sox batting - Pitching for Royse City Targaryens : RHP Currito Melena
Pitching: RHP Currito Melena
Batting: RHB Fernando Martínez 0-0: Called Strike
0-1: Swinging Strike
0-2: Strikes out swinging
Batting: LHB Tomás Valenzuela 0-0: Ball
1-0: Fly out, F7 (Flyball, 78S)
Batting: RHB Daniel Bertrand 0-0: Ball
1-0: Fly out, F4 (Flyball, 34D)
Top of the 1st over - 0 runs, 0 hits, 0 errors, 0 left on base; Baltimore 0 - Royse City 0
BOTTOM OF THE 1ST
Royse City Targaryens batting - Pitching for Baltimore Black Sox : RHP Gregory Bahena
Pitching: RHP Gregory Bahena
Batting: LHB Chris Fitzgerald 0-0: Called Strike
0-1: Ball
1-1: Ball
2-1: Ground out 4-3 (Groundball, 4)
Batting: LHB Jayden Laming 0-0: Ball
1-0: Ball
2-0: SINGLE (Line Drive, 9S)
Batting: RHB Cristo Cuervo 0-0: Called Strike
0-1: Ball
1-1: Ball
2-1: Ball
3-1: Foul Ball, location: 2F
3-2: SINGLE (Line Drive, 8RS)
Jayden Laming to second
Batting: LHB Joe Karnowski 0-0: Called Strike
Jayden Laming steals 3rd base
Cristo Cuervo to second
0-1: Foul Ball, location: 2F
0-2: Ball
1-2: Foul Ball, location: 2F
1-2: Foul Ball, location: 2F
1-2: Ball
2-2: Ball
Wild Pitch!
Jayden Laming scores
Cristo Cuervo to third
3-2: Strikes out swinging
Batting: RHB Manuel Ramos 0-0: Swinging Strike
0-1: Ball
1-1: Swinging Strike
1-2: DOUBLE (Flyball, 9LD)
Cristo Cuervo scores
Batting: RHB Breanainn Swartwood 0-0: Ball
1-0: Ball
2-0: Called Strike
2-1: SINGLE (Line Drive, 89S)
Manuel Ramos to third
Runner from 3rd tries for Home, SAFE, no throw
Pitching: RHP Chris Hayes
Batting: LHB Fernando Ramírez 0-0: Called Strike
0-1: Called Strike
0-2: Fly out, F7 (Flyball, 78D)
Bottom of the 1st over - 3 runs, 4 hits, 0 errors, 1 left on base; Baltimore 0 - Royse City 3
TOP OF THE 2ND
Baltimore Black Sox batting - Pitching for Royse City Targaryens : RHP Currito Melena
Batting: LHB Naohiro Sakai 0-0: Ball
1-0: Ball
2-0: Ball
3-0: Called Strike
3-1: Fly out, F8 (Flyball, 8LD)
Batting: RHB Howard Lee 0-0: Called Strike
0-1: Swinging Strike
0-2: Ball
1-2: Ball
2-2: Ball
3-2: Ground out 6-3 (Groundball, 6MS)
Batting: RHB Berihun Tukufu 0-0: Ball
1-0: Ground out 6-3 (Groundball, 6)
Top of the 2nd over - 0 runs, 0 hits, 0 errors, 0 left on base; Baltimore 0 - Royse City 3
BOTTOM OF THE 2ND
Royse City Targaryens batting - Pitching for Baltimore Black Sox : RHP Chris Hayes
Batting: RHB José García 0-0: Ball
1-0: Swinging Strike
1-1: Foul Ball, location: 2F
1-2: SINGLE (Line Drive, 78S)
Batting: LHB Santiago Miranda 0-0: Called Strike
0-1: Called Strike
José García steals 2nd base
0-2: Ball
1-2: Ball
2-2: Strikes out swinging
Batting: LHB Chris Fitzgerald 0-0: Ball
1-0: Ball
2-0: Ball
3-0: Called Strike
3-1: Swinging Strike
3-2: Strikes out looking
Batting: LHB Jayden Laming 0-0: Foul Ball, location: 2F
0-1: Ball
1-1: Foul Ball, location: 2F
1-2: Strikes out looking
Bottom of the 2nd over - 0 runs, 1 hit, 0 errors, 1 left on base; Baltimore 0 - Royse City 3
TOP OF THE 3RD
Baltimore Black Sox batting - Pitching for Royse City Targaryens : RHP Currito Melena
Batting: RHB Lee Storment 0-0: Called Strike
0-1: Foul Ball, location: 2F
0-2: Ball
1-2: Fly out, F9 (Flyball, 89S)
Batting: RHB Raúl Cicerón 0-0: Foul Ball, location: 2F
0-1: Ball
1-1: Swinging Strike
1-2: Hit by Pitch
Batting: SHB Alex Mable 0-0: Ball
1-0: Called Strike
1-1: Foul Ball, location: 2F
1-2: Ball
2-2: Ground out U3 (Groundball, 34S)
Raúl Cicerón to second
Batting: RHB Fernando Martínez 0-0: Called Strike
0-1: Foul Ball, location: 2F
0-2: Ball
1-2: Ball
2-2: Ball
3-2: Ground out 1-3 (Groundball, 15S)
Top of the 3rd over - 0 runs, 0 hits, 0 errors, 1 left on base; Baltimore 0 - Royse City 3
BOTTOM OF THE 3RD
Royse City Targaryens batting - Pitching for Baltimore Black Sox : RHP Chris Hayes
Batting: RHB Cristo Cuervo 0-0: Called Strike
0-1: Foul Ball, location: 2F
0-2: Ball
1-2: Ball
2-2: Foul Ball, location: 2F
2-2: Ball
3-2: Foul Ball, location: 2F
3-2: Foul Ball, location: 2F
3-2: Ground out 5-3 (Groundball, 5S)
Batting: LHB Joe Karnowski 0-0: Ball
1-0: Swinging Strike
1-1: Ground out 4-3 (Groundball, 4)
Batting: RHB Manuel Ramos 0-0: Ball
1-0: Ball
2-0: Called Strike
2-1: Fly out, F7 (Line Drive, 7)
Bottom of the 3rd over - 0 runs, 0 hits, 0 errors, 0 left on base; Baltimore 0 - Royse City 3
TOP OF THE 4TH
Baltimore Black Sox batting - Pitching for Royse City Targaryens : RHP Currito Melena
Batting: LHB Tomás Valenzuela 0-0: Ball
1-0: Swinging Strike
1-1: Fly out, F8 (Flyball, 8RD)
Batting: RHB Daniel Bertrand 0-0: Fly out, F7 (Flyball, 7LD)
Batting: LHB Naohiro Sakai 0-0: Called Strike
0-1: Ball
1-1: Foul Ball, location: 2F
1-2: Foul Ball, location: 2F
1-2: Fly out, F9 (Flyball, 9)
Top of the 4th over - 0 runs, 0 hits, 0 errors, 0 left on base; Baltimore 0 - Royse City 3
BOTTOM OF THE 4TH
Royse City Targaryens batting - Pitching for Baltimore Black Sox : RHP Chris Hayes
Batting: RHB Breanainn Swartwood 0-0: Ball
1-0: Called Strike
1-1: Foul Ball, location: 2F
1-2: Foul Ball, location: 2F
1-2: Ball
2-2: Fly out, F9 (Flyball, 9S)
Batting: LHB Fernando Ramírez 0-0: Called Strike
0-1: Ball
1-1: Called Strike
1-2: Strikes out swinging
Batting: RHB José García 0-0: SINGLE (Groundball, 34D)
Pitching: RHP John Bailey
Batting: LHB Santiago Miranda 0-0: SINGLE (Groundball, 34S) (infield hit)
José García to second
Batting: LHB Chris Fitzgerald 0-0: Called Strike
0-1: Foul Ball, location: 2F
0-2: Ground out 4-3 (Groundball, 4)
Bottom of the 4th over - 0 runs, 2 hits, 0 errors, 2 left on base; Baltimore 0 - Royse City 3
TOP OF THE 5TH
Baltimore Black Sox batting - Pitching for Royse City Targaryens : RHP Currito Melena
Batting: RHB Howard Lee 0-0: Ground out 6-3 (Groundball, 56)
Batting: RHB Berihun Tukufu 0-0: Ball
1-0: Ball
2-0: Swinging Strike
2-1: Ball
3-1: SINGLE (Groundball, 6MD)
Batting: RHB Lee Storment 0-0: Ball
1-0: Foul Ball, location: 2F
1-1: Foul Ball, location: 2F
1-2: Fielders Choice at 2nd, 4-6 (Groundball, 4)
Batting: RHB Raúl Cicerón 0-0: Ball
1-0: Foul Ball, location: 2F
1-1: Ground out 4-3 (Groundball, 34)
Top of the 5th over - 0 runs, 1 hit, 0 errors, 1 left on base; Baltimore 0 - Royse City 3
BOTTOM OF THE 5TH
Royse City Targaryens batting - Pitching for Baltimore Black Sox : RHP John Bailey
Batting: LHB Jayden Laming 0-0: Foul Ball, location: 2F
0-1: Ball
1-1: Foul Ball, location: 2F
1-2: Ball
2-2: Ball
3-2: Base on Balls
Batting: RHB Cristo Cuervo 0-0: Ball
1-0: Ball
2-0: Ball
3-0: Base on Balls
Jayden Laming to second
Batting: LHB Joe Karnowski 0-0: Called Strike
0-1: Called Strike
0-2: Ball
1-2: SINGLE (Groundball, 6MD)
Jayden Laming to third
Cristo Cuervo to second
Batting: RHB Manuel Ramos 0-0: GRAND SLAM HOME RUN (Line Drive, 7LD), Distance : 361 ft
Batting: RHB Breanainn Swartwood 0-0: Ball
1-0: Fly out, F9 (Flyball, 9LD)
Batting: LHB Fernando Ramírez 0-0: Foul Ball, location: 2F
0-1: Foul Ball, location: 2F
0-2: Ball
1-2: Ground out 6-3 (Groundball, 6)
Batting: RHB José García 0-0: Ball
1-0: Called Strike
1-1: Foul Ball, location: 2F
1-2: Ball
2-2: Foul Ball, location: 2F
2-2: Foul Ball, location: 2F
2-2: Ball
3-2: Base on Balls
Batting: LHB Santiago Miranda 0-0: Called Strike
0-1: Fly out, F9 (Flyball, 89M)
Bottom of the 5th over - 4 runs, 2 hits, 0 errors, 1 left on base; Baltimore 0 - Royse City 7
TOP OF THE 6TH
Baltimore Black Sox batting - Pitching for Royse City Targaryens : RHP Currito Melena
Batting: SHB Alex Mable 0-0: Ball
1-0: Swinging Strike
1-1: Swinging Strike
1-2: Ball
2-2: Foul Ball, location: 2F
2-2: SINGLE (Flyball, 89S)
Batting: RHB Fernando Martínez 0-0: Ball
1-0: Foul Ball, location: 2F
1-1: Ball
2-1: Ball
3-1: Foul Ball, location: 2F
3-2: Strikes out swinging
Batting: LHB Tomás Valenzuela 0-0: Ball
1-0: Swinging Strike
1-1: Foul Ball, location: 2F
1-2: Ball
2-2: Fielders Choice at 2nd, 4-6 (Groundball, 4D)
Batting: RHB Daniel Bertrand 0-0: Ball
Tomás Valenzuela steals 2nd base
1-0: Foul Ball, location: 2F
1-1: Fly out, F9 (Flyball, 9S)
Top of the 6th over - 0 runs, 1 hit, 0 errors, 1 left on base; Baltimore 0 - Royse City 7
BOTTOM OF THE 6TH
Royse City Targaryens batting - Pitching for Baltimore Black Sox : RHP John Bailey
Batting: LHB Chris Fitzgerald 0-0: Called Strike
0-1: Ground out 5-3 (Groundball, 56)
Batting: LHB Jayden Laming 0-0: Ball
1-0: Ball
2-0: Ball
3-0: Base on Balls
Batting: RHB Cristo Cuervo 0-0: Ball
1-0: Foul Ball, location: 2F
1-1: Called Strike
1-2: Foul Ball, location: 2F
1-2: Ball
2-2: Fly out, F7 (Flyball, 7LS)
Batting: LHB Joe Karnowski 0-0: Foul Ball, location: 2F
0-1: Ground out 4-3 (Groundball, 4)
Bottom of the 6th over - 0 runs, 0 hits, 0 errors, 1 left on base; Baltimore 0 - Royse City 7
TOP OF THE 7TH
Baltimore Black Sox batting - Pitching for Royse City Targaryens : RHP Currito Melena
Batting: LHB Naohiro Sakai 0-0: Called Strike
0-1: Ball
1-1: Swinging Strike
1-2: Ball
2-2: Fly out, F9 (Flyball, 9S)
Batting: RHB Howard Lee 0-0: Foul Ball, location: 2F
0-1: Called Strike
0-2: Ball
1-2: SINGLE (Groundball, 6MD)
Batting: RHB Berihun Tukufu 0-0: Ball
1-0: Ball
2-0: Called Strike
2-1: SINGLE (Line Drive, 9S)
Howard Lee to second
Batting: RHB Lee Storment 0-0: Ball
1-0: Ball
2-0: Hit by Pitch
Howard Lee to third
Berihun Tukufu to second
Batting: RHB Raúl Cicerón 0-0: Swinging Strike
0-1: Ground out 6-3 (Groundball, 6S)
Howard Lee scores
Berihun Tukufu to third
Lee Storment to second
Batting: SHB Alex Mable 0-0: SINGLE (Line Drive, 8RS)
Berihun Tukufu scores
Lee Storment to third
Runner from 3rd tries for Home, SAFE, no throw
Batting: RHB Fernando Martínez 0-0: Called Strike
0-1: Called Strike
0-2: SINGLE (Groundball, 6MD)
Alex Mable to second
Runner from 2nd tries for 3rd, SAFE, throw made to third
Batting: LHB Tomás Valenzuela 0-0: Called Strike
0-1: Hit by Pitch
Fernando Martínez to second
Pitching: RHP Andrés Martínez
Batting: RHB Daniel Bertrand 0-0: Ball
1-0: Called Strike
1-1: Ball
2-1: Called Strike
2-2: Foul Ball, location: 2F
2-2: Foul Ball, location: 2F
2-2: Foul Ball, location: 2F
2-2: Ball
3-2: Foul Ball, location: 2F
3-2: Foul Ball, location: 2F
3-2: Foul Ball, location: 2F
3-2: Strikes out swinging
Top of the 7th over - 3 runs, 4 hits, 0 errors, 3 left on base; Baltimore 3 - Royse City 7
BOTTOM OF THE 7TH
Royse City Targaryens batting - Pitching for Baltimore Black Sox : RHP John Bailey
Pitching: LHP Russ Wood
Batting: RHB Manuel Ramos 0-0: SOLO HOME RUN (Flyball, 7D), Distance : 382 ft
Batting: RHB Breanainn Swartwood 0-0: Ball
1-0: Foul Ball, location: 2F
1-1: Foul Ball, location: 2F
1-2: Ball
2-2: Foul Ball, location: 2F
2-2: Ball
3-2: Fly out, F8 (Flyball, 8LD)
Batting: LHB Fernando Ramírez 0-0: Ball
1-0: Called Strike
1-1: Fly out, F9 (Flyball, 9S)
Batting: RHB José García 0-0: Foul Ball, location: 2F
0-1: Ball
1-1: Foul Ball, location: 2F
1-2: Foul Ball, location: 2F
1-2: Ground out 6-3 (Groundball, 6)
Bottom of the 7th over - 1 run, 1 hit, 0 errors, 0 left on base; Baltimore 3 - Royse City 8
TOP OF THE 8TH
Baltimore Black Sox batting - Pitching for Royse City Targaryens : RHP Andrés Martínez
Batting: LHB Naohiro Sakai 0-0: Hit by Pitch
Pinch Runner at 1st Ramón Flores:
Batting: RHB Howard Lee 0-0: Foul Ball, location: 2F
0-1: Ball
1-1: Grounds into double play, 4-6-3 (Groundball, 34)
Batting: RHB Berihun Tukufu 0-0: Foul Ball, location: 2F
0-1: Foul Ball, location: 2F
0-2: Foul Ball, location: 2F
0-2: Ball
1-2: Strikes out looking
Top of the 8th over - 0 runs, 0 hits, 0 errors, 0 left on base; Baltimore 3 - Royse City 8
BOTTOM OF THE 8TH
Royse City Targaryens batting - Pitching for Baltimore Black Sox : LHP Russ Wood
Now at SS: Ramón Flores
Batting: LHB Santiago Miranda 0-0: Ball
1-0: Ball
2-0: Foul Ball, location: 2F
2-1: SINGLE (Groundball, 4MD)
Batting: LHB Chris Fitzgerald 0-0: Foul Ball, location: 2F
0-1: Ball
1-1: Ball
2-1: Ball
Wild Pitch!
Santiago Miranda to second
3-1: Base on Balls
Batting: LHB Jayden Laming 0-0: Fly out, F9 (Flyball, 9S)
Batting: RHB Cristo Cuervo 0-0: Fielders Choice at 2nd, 1-6 (Groundball, 13)
Santiago Miranda to third
Batting: LHB Joe Karnowski 0-0: Ball
1-0: Foul Ball, location: 2F
1-1: Ball
2-1: Ball
Cristo Cuervo steals 2nd base
3-1: Foul Ball, location: 2F
3-2: Base on Balls
Batting: RHB Manuel Ramos 0-0: Ball
1-0: Ball
2-0: Ball
3-0: Base on Balls
Santiago Miranda scores
Cristo Cuervo to third
Joe Karnowski to second
Batting: RHB Breanainn Swartwood 0-0: Ball
1-0: SINGLE (Flyball, 7LS)
Cristo Cuervo scores
Joe Karnowski to third
Manuel Ramos to second
Runner from 3rd tries for Home, SAFE, no throw
Batting: LHB Fernando Ramírez 0-0: Ball
1-0: Ball
2-0: Swinging Strike
2-1: Ball
3-1: Foul Ball, location: 2F
3-2: Foul Ball, location: 2F
3-2: SINGLE (Line Drive, 9S)
Manuel Ramos to third
Breanainn Swartwood to second
Manuel Ramos scores
Breanainn Swartwood to third
Batting: RHB José García 0-0: Fly out, F6 (Line Drive, 6)
Bottom of the 8th over - 4 runs, 3 hits, 0 errors, 2 left on base; Baltimore 3 - Royse City 12
TOP OF THE 9TH
Baltimore Black Sox batting - Pitching for Royse City Targaryens : RHP Andrés Martínez
Batting: RHB Lee Storment 0-0: Swinging Strike
0-1: Ball
1-1: Ground out 4-3 (Groundball, 4MD)
Batting: RHB Raúl Cicerón 0-0: Called Strike
0-1: Ground out 6-3 (Groundball, 6)
Batting: SHB Alex Mable 0-0: Ground out U3 (Groundball, 3)
Top of the 9th over - 0 runs, 0 hits, 0 errors, 0 left on base; Baltimore 3 - Royse City 12
Wednesday, September 19th, 2018 - OOTP Baseball 18.8 Build 76